 Dungeon Crawl Stone Soup version 0.29-a0-551-gffc1d7fb78 (webtiles) character file.

Game seed: 3509970067927186880

222 spaghetti the Caller (level 5, -3/36 HPs)
             Began as an Octopode Summoner on June 5, 2022.
             Was a Believer of Ashenzari.
             Slain by a gnoll
             ... wielding a +0 club
              (6 damage)
             ... on level 4 of the Dungeon.
             The game lasted 00:06:32 (5729 turns).

spaghetti the Caller (Octopode Summoner)            Turns: 5729, Time: 00:06:34

Health: -3/36      AC:  1    Str:  8    XL:     5   Next: 99%
Magic:  8/11       EV: 14    Int: 17    God:    Ashenzari [**....]
Gold:   214        SH:  0    Dex: 14    Spells: 2/12 levels left

rFire   . . .      SeeInvis +   (no weapon)
rCold   . . .      Faith    .   (no shield)
rNeg    . . .      Spirit   .   (helmet restricted)
rPois   .          Reflect  .   v - amulet of Ashenzari's Polytheism {RegenMP, @e2, Range, Self} (curse)
rElec   .          Harm     .   f - ring of the Ruined Pessimism {rCorr, Fort, Cun} (curse)
rCorr   +          Rampage  .   p - ring of Ashenzari's Disgust {Fly, Elem, Fort} (curse)
Will    .....                   y - ring "Astral Ordeal" {Fly, Comp, Range} (curse)
Stlth   ++++......              (no ring)
HPRegen 0.12/turn               (no ring)
MPRegen 0.52/turn               (no ring)
                                (no ring)
                                (no ring)

@: flying
A: almost no armour, amphibious, 8 rings, camouflage 1, gelatinous body 1,
(nimble swimmer 1), tentacles
a: Renounce Religion, Shatter the Chains


You were on level 4 of the Dungeon.
You worshipped Ashenzari.
Ashenzari was pleased with you.
You visited 1 branch of the dungeon, and saw 4 of its levels.

You collected 214 gold pieces.


Innate Abilities, Weirdness & Mutations

You cannot wear most types of armour.
You are amphibious.
You can wear up to eight rings at the same time.
Your skin changes colour to match your surroundings (Stealth+).
Your rubbery body absorbs attacks. (AC +1, EV +1)
((You are camouflaged when in or above water. (Stealth+)))
You have tentacles for arms and can constrict up to eight enemies at once.


   Skills:
 + Level 2.2(3.2) Fighting
 + Level 2.9(4.0) Dodging
 + Level 4.3(5.5) Stealth
 + Level 3.0(4.1) Spellcasting
 + Level 4.7(5.9) Summonings
 + Level 0.7(1.3) Air Magic


You had 2 spell levels left.
You knew the following spells:

 Your Spells              Type           Power      Damage    Failure   Level
a - Summon Small Mammal   Summ           92%        N/A       1%          1
b - Call Imp              Summ           23%        N/A       1%          2
c - Call Canine Familiar  Summ           23%        N/A       4%          3
d - Summon Lightning Spi  Summ/Air       16%        N/A       34%         4

Your spell library contained the following spells:

 Spells                   Type           Power      Damage    Failure   Level
 Ensorcelled Hibernation  Hex/Ice        6%         N/A       22%         2
 Summon Guardian Golem    Hex/Summ       13%        N/A       14%         3
 Spider Form              Tmut/Pois      3%         N/A       43%         3
 Anguish                  Hex/Necr       1%         N/A       83%         4

Inventory:

Hand Weapons
 b - a +0 club {mace}
   (You took it off a goblin on level 1 of the Dungeon)
 c - a +0 short sword {short}
   (You took it off a kobold on level 1 of the Dungeon)
 g - a +0 hunting sling {sling}
   (You found it on level 4 of the Dungeon)
 j - a +0 dagger {short}
   (You found it on level 1 of the Dungeon)
 l - a +0 short sword {short}
   (You took it off a kobold on level 1 of the Dungeon)
 r - a +0 dagger {short}
   (You took it off a goblin on level 2 of the Dungeon)
 s - a +0 short sword {short}
   (You took it off a kobold on level 2 of the Dungeon)
 u - a +0 mace {mace}
   (You found it on level 2 of the Dungeon)
 w - a +0 hunting sling {sling}
   (You found it on level 2 of the Dungeon)
 z - a +0 whip {mace}
   (You took it off a kobold on level 2 of the Dungeon)
 A - a +0 short sword {short}
   (You found it on level 2 of the Dungeon)
 E - a +0 mace {mace}
   (You took it off an orc on level 3 of the Dungeon)
 F - a +0 whip {mace}
   (You took it off an orc on level 3 of the Dungeon)
 G - a +0 club {mace}
   (You took it off an orc on level 3 of the Dungeon)
 H - a +0 dagger {short}
   (You took it off a kobold on level 3 of the Dungeon)
 I - a +0 flail {mace}
   (You found it on level 3 of the Dungeon)
 J - a +0 club {mace}
   (You took it off an orc on level 3 of the Dungeon)
 L - a +0 dagger {short}
   (You found it on level 3 of the Dungeon)
 M - a +0 dagger {short}
   (You took it off a kobold on level 3 of the Dungeon)
 N - a +0 club {mace}
   (You took it off a kobold on level 3 of the Dungeon)
 O - a +0 short sword {short}
   (You found it on level 3 of the Dungeon)
 Q - a +0 dagger {short}
   (You took it off a goblin on level 3 of the Dungeon)
 R - a +0 spear {polearm}
   (You found it on level 4 of the Dungeon)
 T - a +0 long sword {long}
   (You found it on level 4 of the Dungeon)
Missiles
 d - 2 boomerangs {throwing}
 h - 68 stones {throwing}
 x - 5 curare-tipped darts {=fthrowing}
 S - 6 silver javelins {throwing}
Magical Staves
 o - a staff of fire {!astaff}
   (You found it on level 2 of the Dungeon)
Jewellery
 f - the cursed ring of the Ruined Pessimism (left tentacle) {rCorr, Fort, Cun}
   (You found it on level 1 of the Dungeon)

   [ring of resist corrosion]

   rCorr:     It protects you from acid and corrosion.
   It has a curse which improves the following skills: Fortitude: Shields.
   Cunning:   Dodging and Stealth.
 p - the cursed ring of Ashenzari's Disgust (right tentacle) {Fly, Elem, Fort}
   (You found it on level 2 of the Dungeon)

   [ring of flight]

   Fly:       It grants you flight.
   It has a curse which improves the following skills: Elements: Fire Magic, Ice
   Magic, Air Magic and Earth Magic.
   Fortitude: Shields.
 v - the cursed amulet of Ashenzari's Polytheism (around mantle) {RegenMP, @e2, Range, Self}
   (You found it on level 2 of the Dungeon)

   [amulet of magic regeneration]

   It increases your rate of magic regeneration.
   It has a curse which improves the following skills: Ranged Combat: Slings,
   Bows, Crossbows and Throwing.
   Introspection: Fighting and Spellcasting.
 y - the cursed ring "Astral Ordeal" (on tentacle) {Fly, Comp, Range}
   (You found it on level 2 of the Dungeon)

   [ring of flight]

   Fly:       It grants you flight.
   It has a curse which improves the following skills: Companions: Summonings
   and Necromancy.
   Ranged Combat: Slings, Bows, Crossbows and Throwing.
Scrolls
 e - 3 scrolls of enchant armour
 i - 2 scrolls of teleportation {@r4}
 k - 2 scrolls of identify {@r1}
 q - a scroll of immolation {!r!r}
 t - a scroll of noise {!r}
 B - a scroll of summoning
 K - a scroll of brand weapon
Potions
 a - a potion of magic
 m - a potion of haste {@q3}
 n - a potion of heal wounds {@q2}
 C - 4 potions of curing {@q1}
 D - a potion of flight
 P - a potion of attraction {!q}

Dungeon Overview and Level Annotations

Branches:
Dungeon (4/15)
 Temple: D:4-7

Altars:
Ashenzari
Kikubaaqudgha
Makhleb
Okawaru

.........#
#.#.#.##.#
#.....##.#
..#.####.#########
* #.#.#
#.........# *
#.#.# #########.#
* ....# ##.#♣
....# ##.h5♣≈≈≈
...## * *#.g@g♣≈≈
#.##
#....g.g≈≈≈≈≈♣ #.#
#.##≈.g.≈≈≈≈≈♣ #.#
*# #≈≈≈...≈≈≈≈P
#.# ♣≈≈≈...≈≈≈≈≈
#.# * ♣≈≈....≈≈≈≈≈
♣≈≈...≈≈≈≈≈P *
♣♣≈≈...≈≈≈≈≈ *


You could see 4 gnolls, a hobgoblin, a friendly hound (summoned) and a friendly
crimson imp (summoned).


Message History

😎 MP[-1]
You lost 1 mp, and now have 8/10 mp.
Casting: Call Imp (safe; 2% risk of failure)
Confirm with . or Enter, or press ? or * to list all spells.
😎 MP[-1]
You lost 1 mp, and now have 7/10 mp.
Casting: Summon Small Mammal (safe; 1% risk of failure)
Confirm with . or Enter, or press ? or * to list all spells.
Your white imp hits the ogre!
Your white imp freezes the ogre.
The ogre completely misses your white imp. 😎 MP[-2]
You lost 2 mp, and now have 5/10 mp.
Your white imp gestures at the ogre.
The puff of frost hits the ogre!
The ogre hits your white imp with a +0 giant spiked club!!
Your white imp dies!
Your white imp disappears in a puff of smoke! 😎 MP[+1] Unknown command.
Your bat barely misses the ogre.
Your bat hits the ogre.
The ogre hits your bat with a +0 giant spiked club.
Your bat dies!
Your bat's corpse disappears in a puff of smoke!
Your hound barely misses the ogre. 😎 MP[+1]
Your hound barely misses the ogre.
The ogre closely misses your hound.
Your hound bites the ogre.
The ogre hits your hound with a +0 giant spiked club!!
Your hound dies!
Your hound's corpse disappears in a puff of smoke!
The ogre shouts! 😎 MP[+1]
Your quokka bites the ogre.
The ogre barely misses your quokka.
Your quokka closely misses the ogre. 😎 MP[+1]
Your quokka bites the ogre.
The ogre dies!
Your base Fighting skill increases to level 2!
Your base Spellcasting skill increases to level 3!
R - a +0 spear {polearm} 😎 MP[+2]
Your mp is fully restored (11).
S - 6 silver javelins {throwing} You swap places.
Your quokka disappears in a puff of smoke!
Found a stone staircase leading up.
T - a +0 long sword {long} A hobgoblin and a gnoll come into view.
A gnoll comes into view. It is wielding a +0 flail.
The gnoll moves out of view.
The gnoll shouts!
You hear a shout!
The hobgoblin shouts!
You hear a shout! 2 gnolls come into view.
The gnoll shouts!
The gnoll misses you.
You barely miss the gnoll. Your grab misses the gnoll. The hobgoblin hits you.
The gnoll closely misses you. 😕 HP[-5]
You take 5 damage, and now have 31/36 hp.
You are too injured to fight recklessly!
You are too injured to fight recklessly!
You are too injured to fight recklessly!
You are too injured to fight recklessly!
You are too injured to fight recklessly!
You are too injured to fight recklessly!
You are too injured to fight recklessly!
You are too injured to fight recklessly!
You are too injured to fight recklessly!
You are too injured to fight recklessly!
You are too injured to fight recklessly!
You are too injured to fight recklessly!
You are too injured to fight recklessly!
You are too injured to fight recklessly!
You are too injured to fight recklessly!
Unknown command.
Casting: Call Canine Familiar (dangerous; 4% risk of failure)
Confirm with . or Enter, or press ? or * to list all spells.
A beastly little devil appears in a puff of flame.
The hobgoblin closely misses you. The gnoll hits you with a +0 club.
The gnoll barely misses you. 😕 HP[-3] MP[-1]
You take 3 damage, and now have 28/36 hp.
You lost 1 mp, and now have 10/11 mp.
Casting: Call Imp (safe; 1% risk of failure)
Confirm with . or Enter, or press ? or * to list all spells.
The hobgoblin misses you.
The gnoll hits you from afar with a +0 halberd!
The gnoll hits you with a +0 club!
* * * LOW HITPOINT WARNING * * *
😨 HP[-15] MP[-3]
You take 15 damage, and now have 13/36 hp.
MASSIVE DAMAGE!! (PAUSE)
You lost 3 mp, and now have 7/11 mp.
You tentacle-slap the gnoll but do no damage.
You grab the gnoll. You constrict the gnoll. The hobgoblin hits you.
* * * LOW HITPOINT WARNING * * *
Your hound bites the gnoll.
The gnoll barely misses you. The gnoll closely misses you.
The gnoll hits you with a +0 flail.
* * * LOW HITPOINT WARNING * * *
The gnoll hits you with a +0 club.
You die...

Skill      XL: |  1  2  3  4  5 |
---------------+----------------+-----
Fighting       | 1 2 |  2.2
Stealth        | 3 4 |  4.3
Spellcasting   | 3 |  3.0
Dodging        | |  2.9
Summonings     | |  4.7
Air Magic      | |  0.7

Action                   |  1- 3 |  4- 6 || total
-------------------------+-------+-------++-------
Melee: Unarmed           |   123 |    98 ||   221
       Tentacles         |    34 |    25 ||    59
       Constrict         |    24 |    27 ||    51
       Punch             |     4 |     2 ||     6
 Cast: Summon Small Mamm |     7 |     7 ||    14
       Call Imp          |       |     2 ||     2
       Call Canine Famil |       |     2 ||     2
Invok: Curse Item        |     1 |     3 ||     4
  Use: Potion            |     1 |       ||     1
       Scroll            |       |     1 ||     1
 Stab: Sleeping          |    19 |    17 ||    36
       Distracted        |     1 |       ||     1
Armor: Skin              |    22 |     7 ||    29
Dodge: Dodged            |    89 |    52 ||   141

Levels and vault maps discovered:
D:1:      dpeg_arrival_round_c, layout_basic,
          hellmonk_ecumenical_altar_lost_god, minmay_small_reverse_x
D:2:      layout_loops_corners, minmay_heptomino_d4
D:3:      minmay_evil_eye, layout_loops_ring,
          chequers_temple_overflow_minitemple, minmay_liquid_box
D:4:      layout_loops_ring, dk_yredelemnul_ordeal,
          minmay_temple_entry_overgrown, serial_shops, shop, corexii_shack,
          serial_bayou_ford_a

Notes
Turn   | Place    | Note
-------+----------+-------------------------------------------
     0 | D:1      | spaghetti the Octopode Summoner began the quest for the
                  | Orb.
     0 | D:1      | Reached XP level 1. HP: 11/11 MP: 3/3
     0 | D:1      | magus.rc [v1.9.6]
    47 | D:1      | HP: 2/11 [frozen (3)]
   487 | D:1      | Found a faded altar of an unknown god.
   504 | D:1      | Reached XP level 2. HP: 18/18 MP: 5/5
   505 | D:1      | Prayed at the altar of an unknown god.
   505 | D:1      | Became a worshipper of Ashenzari the Shackled
  1044 | D:1      | Reached skill level 1 in Fighting
  1045 | D:1      | HP: 4/18 [bat (1)]
  1048 | D:1      | HP: 1/18 [bat (1)]
  1055 | D:1      | Reached skill level 3 in Stealth
  1056 | D:1      | HP: 1/27 [bat (1)]
  1063 | D:1      | Reached XP level 3. HP: 2/23 MP: 6/6
  2743 | D:2      | Reached XP level 4. HP: 12/28 MP: 5/7
  3050 | D:2      | Reached * piety under Ashenzari
  3977 | D:3      | HP: 6/28 [orc/+0 mace (4)]
  4517 | D:3      | You pick up a book of Dreams and begin reading...
  4517 | D:3      | You add the spells Ensorcelled Hibernation, Spider Form and
                  | Anguish to your library.
  4823 | D:3      | Reached ** piety under Ashenzari
  5238 | D:3      | Found a faded altar of an unknown god.
  5238 | D:3      | Found a burning altar of Makhleb.
  5246 | D:3      | Found an iron altar of Okawaru.
  5248 | D:3      | Found a faded altar of an unknown god.
  5250 | D:3      | Found an ancient bone altar of Kikubaaqudgha.
  5335 | D:4      | HP: 1/30 [iguana (12)]
  5366 | D:4      | Reached skill level 4 in Stealth
  5366 | D:4      | Reached XP level 5. HP: 4/36 MP: 8/10
  5629 | D:4      | Learned a level 2 spell: Call Imp
  5633 | D:4      | Learned a level 3 spell: Call Canine Familiar
  5638 | D:4      | Learned a level 4 spell: Summon Lightning Spire
  5653 | D:4      | Noticed an ogre
  5669 | D:4      | Killed an ogre
  5670 | D:4      | Reached skill level 2 in Fighting
  5670 | D:4      | Reached skill level 3 in Spellcasting
  5729 | D:4      | HP: 9/36 [hobgoblin (4)]
  5729 | D:4      | HP: 3/36 [gnoll/+0 flail (6)]
  5729 | D:4      | Slain by a gnoll

Vanquished Creatures
  3 adders
  2 worms (D:2)
  2 dart slugs (D:2)
  4 orcs (D:3)
  6 ball pythons
  8 endoplasms
  4 giant cockroaches
  3 goblins
  4 hobgoblins
  3 jackals (D:1)
  3 quokkas
  10 bats
  4 frilled lizards
  7 kobolds
  5 rats (D:1)
68 creatures vanquished.

Vanquished Creatures (collateral kills)
  An ogre (D:4)
  An iguana (D:4)
  A ball python (D:1)
  A hobgoblin (D:1)
4 creatures vanquished.

Vanquished Creatures (others)
  9 plants (D:4)
9 creatures vanquished.

Grand Total: 81 creatures vanquished

Table legend:
 A = Non-vault XP
 B = Vault XP
 C = Vault XP percentage of total XP
 D = Non-vault monster count
 E = Vault monster count
 F = Vault count percentage of total count
                 A         B        C        D         E       F
            +---------+---------+-------+---------+---------+-------
      Total |     309 |       9 |   2.8 |      64 |       8 |  11.1
            +---------+---------+-------+---------+---------+-------
        D:1 |      44 |       4 |   8.3 |      26 |       4 |  13.3
        D:2 |      64 |       2 |   3.0 |      18 |       2 |  10.0
        D:3 |      44 |       3 |   6.4 |      17 |       2 |  10.5
        D:4 |     157 |       0 |   0.0 |       3 |       0 |   0.0
            +---------+---------+-------+---------+---------+-------

Illustrated notes

Table legend:
 A = Kills in this place as a percentage of kills in entire the game.
 B = Kills by you in this place as a percentage of kills by you in the entire game.
 C = Kills by friends in this place as a percentage of kills by friends in the entire game.
 D = Other kills in this place as a percentage of other kills in the entire game.
 E = Experience gained in this place as a percentage of experience gained in the entire game.
 F = Experience gained in this place divided by the number of levels of this place that you have seen.
                   A       B       C       D       E      F
               +-------+-------+-------+-------+-------+----------------------
         Total | 100.0 | 100.0 | 100.0 |   N/A | 100.0 |  79.5
       Dungeon | 100.0 | 100.0 | 100.0 |   N/A | 100.0 |  79.5
               +-------+-------+-------+-------+-------+----------------------

Table legend: (Time is in decaauts)
 A = Elapsed time spent in this place.
 B = Non-inter-level travel time spent in this place.
 C = Inter-level travel time spent in this place.
 D = Time resting spent in this place.
 E = Time spent auto-exploring this place.
 F = Levels seen in this place.
 G = Mean time per level.
                   A        B        C        D        E       F      G
               +--------+--------+--------+--------+--------+-----+--------+
         Total |   5726 |   5574 |    152 |    893 |   4046 |   4 | 1431.5 |
       Dungeon |   5726 |   5574 |    152 |    893 |   4046 |   4 | 1431.5 |
               +--------+--------+--------+--------+--------+-----+--------+

Top non-repeatable levels by time:
     D:1: 2013 daAuts
     D:2: 1775 daAuts
     D:3: 1520 daAuts
     D:4: 416 daAuts
